AoeStats
← [KMNB] Bandeira

Oasis

509917919Analyzed
2v2 RM · 3d ago on Sep 28, 2026· 19m 38s· 4 players
Game mode
Random Map
Map size
Medium (4 player)
Population
200
Speed
Normal
Resources
Standard
Victory
Conquest
Starting age
Dark Age
Ending age
Imperial Age
RankedLock teamsTeams togetherTeam positionsShared explorationLock speedFull tech treeHidden civsTurbo modeCheats
Victory
Defeat
🇧🇷 Magyars · Brazil
1565
+16
🇧🇷 Saracens · Brazil
1510
+19
🇹🇷 Danes · Türkiye
1588
-18
🇨🇳 Persians · China
1550
-17
[KMNB] Bandeira
6:27 Loom
9:55 Feudal Age
10:34 Double-Bit Axe
13:54 Fletching
[KMNB] Galodoido
6:42 Loom
8:58 Feudal Age
13:09 Fletching
18:28 Double-Bit Axe
郁离
10:30 Feudal Age
12:00 Double-Bit Axe
13:20 Loom
15:39 Wheelbarrow
17:07 Castle Age
下次一定
6:25 Loom
9:12 Feudal Age
16:55 Fletching
17:06 Padded Archer Armor
Connection lost

Rejoining the realm…

Still unreachable

The connection could not be restored.

Session expired

The server has moved on; the page needs a fresh start.